PL
BUCKHEAD BOWTIES @ PHOENIX HOTSPUR
06/19/2022
 
TOP OF THE 1ST
Buckhead Bowties batting - Pitching for Phoenix Hotspur : RHP Pedro Valdéz
Pitching: RHP Pedro Valdéz
Batting: RHB Dave King 0-0: Ground out 5-3 (Groundball, 15S)
Batting: LHB Neil Lawson 0-0: Called Strike
0-1: Called Strike
0-2: Strikes out looking
Batting: RHB Pedro Morales 0-0: Ball
1-0: Called Strike
1-1: Called Strike
1-2: Foul Ball, location: 2F
1-2: Ball
2-2: Strikes out swinging
Top of the 1st over - 0 run(s), 0 hit(s), 0 error(s), 0 left on base; Buckhead 0 - Phoenix 0
BOTTOM OF THE 1ST
Phoenix Hotspur batting - Pitching for Buckhead Bowties : LHP Chester Henry
Pitching: LHP Chester Henry
Batting: RHB John Moore 0-0: Ball
1-0: Foul Ball, location: 2F
1-1: Foul Ball, location: 2F
1-2: Strikes out looking
Batting: RHB Raúl González 0-0: Ball
1-0: Fly out, F9 (Flyball, 89M)
Batting: SHB Dave Orchard 0-0: Ball
1-0: Ground out 6-3 (Groundball, 6)
Bottom of the 1st over - 0 run(s), 0 hit(s), 0 error(s), 0 left on base; Buckhead 0 - Phoenix 0
TOP OF THE 2ND
Buckhead Bowties batting - Pitching for Phoenix Hotspur : RHP Pedro Valdéz
Batting: RHB Gabriel Rodríguez 0-0: Ball
1-0: Swinging Strike
1-1: Foul Ball, location: 2F
1-2: Foul Ball, location: 2F
1-2: Strikes out looking
Batting: RHB Aaron Phillips 0-0: Foul Ball, location: 2F
0-1: Ball
1-1: Foul Ball, location: 2F
1-2: Foul Ball, location: 2F
1-2: Ball
2-2: Fly out, F3 (Popup, 4S)
Batting: RHB Enrique Marroquín 0-0: Ball
1-0: Swinging Strike
1-1: Called Strike
1-2: Fly out, F9 (Flyball, 89M)
Top of the 2nd over - 0 run(s), 0 hit(s), 0 error(s), 0 left on base; Buckhead 0 - Phoenix 0
BOTTOM OF THE 2ND
Phoenix Hotspur batting - Pitching for Buckhead Bowties : LHP Chester Henry
Batting: RHB Pedro Torrez 0-0: Ground out 1-3 (Groundball, 15)
Batting: LHB John Cossey 0-0: Ball
1-0: Fly out, F7 (Flyball, 7M)
Batting: RHB Félix Rodríguez 0-0: Ball
1-0: Called Strike
1-1: Foul Ball, location: 2F
1-2: Ground out 5-3 (Groundball, 5L)
Bottom of the 2nd over - 0 run(s), 0 hit(s), 0 error(s), 0 left on base; Buckhead 0 - Phoenix 0
TOP OF THE 3RD
Buckhead Bowties batting - Pitching for Phoenix Hotspur : RHP Pedro Valdéz
Batting: RHB Albert Morales 0-0: Called Strike
0-1: Foul Ball, location: 2F
0-2: Ball
1-2: Ball
2-2: Ground out 5-3 (Groundball, 56S)
Batting: RHB Greg Robinson 0-0: Fly out, F3 (Popup, 3F)
Batting: RHB Gilberto Patino 0-0: Called Strike
0-1: Ball
1-1: Called Strike
1-2: Ball
2-2: Foul Ball, location: 2F
2-2: Ground out 6-3 (Groundball, 6)
Top of the 3rd over - 0 run(s), 0 hit(s), 0 error(s), 0 left on base; Buckhead 0 - Phoenix 0
BOTTOM OF THE 3RD
Phoenix Hotspur batting - Pitching for Buckhead Bowties : LHP Chester Henry
Batting: LHB Clark Espinosa 0-0: Ball
1-0: Ground out 4-3 (Groundball, 4M)
Batting: RHB Juan Aguirre 0-0: Ball
1-0: Called Strike
1-1: Ball
2-1: Called Strike
2-2: Ball
3-2: Strikes out swinging
Batting: RHB Billy Strauss 0-0: Foul Ball, location: 2F
0-1: Ball
1-1: Called Strike
1-2: Strikes out swinging
Bottom of the 3rd over - 0 run(s), 0 hit(s), 0 error(s), 0 left on base; Buckhead 0 - Phoenix 0
TOP OF THE 4TH
Buckhead Bowties batting - Pitching for Phoenix Hotspur : RHP Pedro Valdéz
Batting: RHB Dave King 0-0: Ball
1-0: Reached on Error, E7 (Flyball, 7M)
Batting: LHB Neil Lawson 0-0: Ball
1-0: Ball
2-0: Foul Ball, location: 2F
2-1: Foul Ball, location: 2F
2-2: Fly out, F8 (Flyball, 8RXD)
Batting: RHB Pedro Morales 0-0: Called Strike
0-1: Foul Ball, location: 2F
0-2: Ball
1-2: Foul Ball, location: 2F
1-2: Fielders Choice at 2nd, 6-4 (Groundball, 6)
Batting: RHB Gabriel Rodríguez 0-0: Ball
1-0: Foul Ball, location: 2F
1-1: Ball
2-1: Swinging Strike
2-2: Ground out 6-3 (Groundball, 6M)
Top of the 4th over - 0 run(s), 0 hit(s), 1 error(s), 1 left on base; Buckhead 0 - Phoenix 0
BOTTOM OF THE 4TH
Phoenix Hotspur batting - Pitching for Buckhead Bowties : LHP Chester Henry
Batting: RHB John Moore 0-0: Called Strike
0-1: Ball
1-1: Ball
2-1: Ball
3-1: Fly out, F7 (Flyball, 7M)
Batting: RHB Raúl González 0-0: Ball
1-0: SINGLE (Flyball, 8LS)
Batting: SHB Dave Orchard 0-0: Called Strike
0-1: Swinging Strike
0-2: Ball
1-2: Ball
2-2: Ball
3-2: Strikes out swinging
Batting: RHB Pedro Torrez 0-0: Ball
1-0: Ball
2-0: Ball
3-0: Called Strike
3-1: Base on Balls
Raúl González to second
Batting: LHB John Cossey 0-0: Called Strike
0-1: Fly out, F9 (Flyball, 9LM)
Bottom of the 4th over - 0 run(s), 1 hit(s), 0 error(s), 2 left on base; Buckhead 0 - Phoenix 0
TOP OF THE 5TH
Buckhead Bowties batting - Pitching for Phoenix Hotspur : RHP Pedro Valdéz
Batting: RHB Aaron Phillips 0-0: Fly out, F3 (Popup, 34)
Batting: RHB Enrique Marroquín 0-0: Ball
1-0: Swinging Strike
1-1: Swinging Strike
1-2: Strikes out looking
Batting: RHB Albert Morales 0-0: Called Strike
0-1: Called Strike
0-2: Ball
1-2: Ground out 5-3 (Groundball, 56)
Top of the 5th over - 0 run(s), 0 hit(s), 0 error(s), 0 left on base; Buckhead 0 - Phoenix 0
BOTTOM OF THE 5TH
Phoenix Hotspur batting - Pitching for Buckhead Bowties : LHP Chester Henry
Batting: RHB Félix Rodríguez 0-0: Ball
1-0: Swinging Strike
1-1: Swinging Strike
1-2: Ball
2-2: Ball
3-2: Foul Ball, location: 2F
3-2: Base on Balls
Batting: LHB Clark Espinosa 0-0: Bunted foul
0-1: Bunt missed!
0-2: Strikes out looking
Batting: RHB Juan Aguirre 0-0: Ball
1-0: Ball
2-0: Grounds into double play, 6-4-3 (Groundball, 6)
Bottom of the 5th over - 0 run(s), 0 hit(s), 0 error(s), 0 left on base; Buckhead 0 - Phoenix 0
TOP OF THE 6TH
Buckhead Bowties batting - Pitching for Phoenix Hotspur : RHP Pedro Valdéz
Batting: RHB Greg Robinson 0-0: Ball
1-0: Foul Ball, location: 2F
1-1: Called Strike
1-2: Ball
2-2: Strikes out swinging
Batting: RHB Gilberto Patino 0-0: Swinging Strike
0-1: Swinging Strike
0-2: Strikes out swinging
Batting: RHB Dave King 0-0: Ball
1-0: Ball
2-0: Fly out, F3 (Popup, 34S)
Top of the 6th over - 0 run(s), 0 hit(s), 0 error(s), 0 left on base; Buckhead 0 - Phoenix 0
BOTTOM OF THE 6TH
Phoenix Hotspur batting - Pitching for Buckhead Bowties : LHP Chester Henry
Batting: RHB Billy Strauss 0-0: Ball
1-0: Called Strike
1-1: Ball
2-1: Foul Ball, location: 2F
2-2: Strikes out swinging
Batting: RHB John Moore 0-0: SINGLE (Groundball, 25) (infield hit)
Batting: RHB Raúl González 0-0: Ball
1-0: Ball
2-0: Called Strike
2-1: Called Strike
2-2: Ball
3-2: Foul Ball, location: 2F
3-2: Foul Ball, location: 2F
3-2: Foul Ball, location: 2F
3-2: Strikes out swinging
John Moore is caught stealing 2nd base
Batter strikes out.
Bottom of the 6th over - 0 run(s), 1 hit(s), 0 error(s), 0 left on base; Buckhead 0 - Phoenix 0
TOP OF THE 7TH
Buckhead Bowties batting - Pitching for Phoenix Hotspur : RHP Pedro Valdéz
Batting: LHB Neil Lawson 0-0: Ball
1-0: Called Strike
1-1: Ball
2-1: Ball
3-1: DOUBLE (Flyball, 78XD)
Pitching: RHP Feliks Mleczko
Batting: RHB Pedro Morales 0-0: Called Strike
0-1: Ball
1-1: SINGLE (Groundball, 56D) - runner OUT being hit by batted ball.
Batting: RHB Gabriel Rodríguez 0-0: Called Strike
0-1: Ball
1-1: Ball
Pedro Morales is caught stealing 2nd base
2-1: Swinging Strike
2-2: Strikes out looking
Top of the 7th over - 0 run(s), 2 hit(s), 0 error(s), 0 left on base; Buckhead 0 - Phoenix 0
BOTTOM OF THE 7TH
Phoenix Hotspur batting - Pitching for Buckhead Bowties : LHP Chester Henry
Batting: SHB Dave Orchard 0-0: Foul Ball, location: 2F
0-1: Fly out, F3 (Popup, 4MS)
Batting: RHB Pedro Torrez 0-0: Called Strike
0-1: Called Strike
0-2: Ball
1-2: Foul Ball, location: 2F
1-2: Ball
2-2: Ball
3-2: Foul Ball, location: 2F
3-2: Base on Balls
Batting: LHB John Cossey 0-0: Foul Ball, location: 2F
0-1: Ball
1-1: Called Strike
1-2: SINGLE (Line Drive, 7S)
Pedro Torrez to second
Batting: RHB Félix Rodríguez 0-0: Ball
1-0: Fielders Choice at 2nd, 4-6 (Groundball, 4M)
Pedro Torrez to third
Pitching: RHP Ken Frost
Batting: LHB Clark Espinosa 0-0: Called Strike
0-1: Foul Ball, location: 2F
0-2: Strikes out swinging
Bottom of the 7th over - 0 run(s), 1 hit(s), 0 error(s), 2 left on base; Buckhead 0 - Phoenix 0
TOP OF THE 8TH
Buckhead Bowties batting - Pitching for Phoenix Hotspur : RHP Feliks Mleczko
Batting: RHB Aaron Phillips 0-0: Ball
1-0: Ball
2-0: Ball
3-0: Base on Balls
Batting: RHB Enrique Marroquín 0-0: Ball
1-0: Called Strike
1-1: Foul Ball, location: 2F
1-2: Ball
2-2: Foul Ball, location: 2F
2-2: Ball
3-2: Foul Ball, location: 2F
3-2: Base on Balls
Aaron Phillips to second
Batting: RHB Albert Morales 0-0: Ball
1-0: Grounds into double play, 5-4-3 (Groundball, 56)
Aaron Phillips to third
Batting: RHB Greg Robinson 0-0: Ball
1-0: Called Strike
1-1: Foul Ball, location: 2F
1-2: Ball
2-2: SINGLE (Line Drive, 4M)
Aaron Phillips scores
Pitching: RHP Cory Sanders
Batting: RHB Gilberto Patino 0-0: Called Strike
0-1: Ball
1-1: Ball
2-1: Fly out, F9 (Flyball, 89XD)
Top of the 8th over - 1 run(s), 1 hit(s), 0 error(s), 1 left on base; Buckhead 1 - Phoenix 0
BOTTOM OF THE 8TH
Phoenix Hotspur batting - Pitching for Buckhead Bowties : RHP Ken Frost
Pitching: RHP Mike Lyon
Batting: RHB Juan Aguirre 0-0: Ground out 5-3 (Groundball, 5L)
Batting: RHB Billy Strauss 0-0: Swinging Strike
0-1: Ball
1-1: Called Strike
1-2: Strikes out swinging
Batting: RHB John Moore 0-0: Ball
1-0: Ground out 5-3 (Groundball, 5S)
Bottom of the 8th over - 0 run(s), 0 hit(s), 0 error(s), 0 left on base; Buckhead 1 - Phoenix 0
TOP OF THE 9TH
Buckhead Bowties batting - Pitching for Phoenix Hotspur : RHP Cory Sanders
Batting: RHB Dave King 0-0: Called Strike
0-1: SOLO HOME RUN (Flyball, 7LD), Distance : 358 ft
Batting: LHB Neil Lawson 0-0: Called Strike
0-1: Swinging Strike
0-2: Strikes out looking
Batting: RHB Pedro Morales 0-0: Foul Ball, location: 2F
0-1: Foul Ball, location: 2F
0-2: Foul Ball, location: 2F
0-2: Fly out, F8 (Flyball, 8RD)
Batting: RHB Gabriel Rodríguez 0-0: Foul Ball, location: 2F
0-1: Ball
1-1: Called Strike
1-2: Ball
2-2: Ball
3-2: Reached on error, E5 (Groundball, 56S)
Batting: RHB Aaron Phillips 0-0: Called Strike
0-1: Ball
1-1: Fly out, F7 (Flyball, 78S)
Top of the 9th over - 1 run(s), 1 hit(s), 1 error(s), 1 left on base; Buckhead 2 - Phoenix 0
BOTTOM OF THE 9TH
Phoenix Hotspur batting - Pitching for Buckhead Bowties : RHP Mike Lyon
Pitching: RHP Mario Peña
Batting: RHB Raúl González 0-0: Ball
1-0: DOUBLE (Flyball, 8LD)
Batting: SHB Dave Orchard 0-0: Called Strike
0-1: Ball
1-1: Ball
2-1: Called Strike
2-2: Ball
3-2: Foul Ball, location: 2F
3-2: Base on Balls
Batting: RHB Pedro Torrez 0-0: Fielders Choice at 2nd, 1-6 (Groundball, 15S)
Raúl González to third
Batting: LHB John Cossey 0-0: Fly out, F9 (Flyball, 9M)
Runner from 3rd tags up, SCORES, throw made
Batting: RHB Félix Rodríguez 0-0: Called Strike
0-1: Ball
1-1: Fielders Choice at 2nd, U6 (Groundball, 6M)
Bottom of the 9th over - 1 run(s), 1 hit(s), 0 error(s), 1 left on base; Buckhead 2 - Phoenix 1
This league is powered by Out of the Park Baseball, the baseball management simulation game for PC, Mac and Linux
Friday, April 15th, 2016 - OOTP Baseball 16.9 Build 39